 Dungeon Crawl Stone Soup version 0.21-a0-1-gaf3b9a5 (webtiles) character file.

109 Monsterracer the Gusty (level 4, -3/24 HPs)
             Began as a Tengu Air Elementalist on May 19, 2017.
             Killed by divine providence
             ... invoked by an orc priest
              (14 damage)
             ... on level 3 of the Dungeon on May 20, 2017.
             The game lasted 00:09:14 (2345 turns).

Monsterracer the Gusty (Tengu Air Elementalist)     Turns: 2345, Time: 00:09:16

Health: -3/24      AC:  2    Str:  8    XL:     4   Next: 90%
Magic:  1/9        EV: 12    Int: 17    God:
Gold:   144        SH:  0    Dex: 14    Spells: 2/8 levels left

rFire    . . .     SeeInvis .   j - +0 dagger
rCold    + . .     Gourm    .   (no shield)
rNeg     . . .     Faith    .   a - +0 robe
rPois    .         Spirit   .   (helmet restricted)
rElec    .         Reflect  .   (no cloak)
rCorr    .         Harm     .   (no gloves)
MR       .....     Clarity  +   (boots unavailable)
Stlth    ++........             (no amulet)
Regen    0.1/turn               f - ring of protection from cold
MPRegen  0.2/turn               (no ring)

@: very slightly contaminated
A: antennae 1, beak, talons 3, clarity
a: no special abilities


You were on level 3 of the Dungeon.
You were not hungry.

You visited 1 branch of the dungeon, and saw 3 of its levels.

You collected 144 gold pieces.

Inventory:

Hand Weapons
 j - a +0 dagger (weapon)
Armour
 a - a +0 robe (worn)
 k - a +0 buckler
Jewellery
 f - a ring of protection from cold (left hand)
Scrolls
 d - 2 scrolls of teleportation {unknown}
 e - 4 scrolls of remove curse {unknown}
 h - a scroll of enchant weapon {unknown}
 i - 2 scrolls of enchant armour {unknown}
 n - a scroll of recharging {unknown}
Books
 b - a book of Air

   Spells                             Type                      Level
   a - Shock                          Conjuration/Air              1
   b - Swiftness                      Charms/Air                   2
   c - Static Discharge               Conjuration/Air              3
   d - Airstrike                      Air                          4
   e - Lightning Bolt                 Conjuration/Air              5
Comestibles
 c - 4 bread rations
 g - 3 fruits
 l - a meat ration
 m - 2 chunks of flesh


   Skills:
 - Level 2.1 Dodging
 - Level 2.0 Stealth
 + Level 2.7 Spellcasting
 * Level 3.7 Conjurations
 * Level 5.4 Air Magic


You had 2 spell levels left.
You knew the following spells:

 Your Spells              Type           Power        Failure   Level  Hunger
a - Shock                 Conj/Air       ###.         2%          1    #......
b - Swiftness             Chrm/Air       ##......     9%          2    ##.....
c - Static Discharge      Conj/Air       ###.....     9%          3    ###....


Dungeon Overview and Level Annotations

Branches:
Dungeon (3/15)

Altars:


Innate Abilities, Weirdness & Mutations

You have a beak for a mouth.
You have claws for feet.
You have a pair of small antennae on your head.
You possess an exceptional clarity of mind.


Message History

Aiming: Shock
Press: ? - help, Shift-Dir - straight line, f - orc
Aim: an orc (heavily wounded)
The zap hits the orc priest.
The orc priest is almost dead.
The zap misses the orc priest.
The zap hits the orc.
You kill the orc!
The orc priest hits you but does no damage.
Casting: Shock
Confirm with . or Enter, or press ? or * to list all spells.
Aiming: Shock
Press: ? - help, Shift-Dir - straight line, f - orc priest
Aim: an orc priest, wearing a scale mail (severely wounded)
The zap misses the orc priest.
The zap hits the orc priest.
The orc priest is almost dead.
The orc priest hits you with a hand axe.
The orc priest calls down the wrath of Beogh upon you.
Beogh smites you!
Ouch! That really hurt!
You die...

....##...#
.........#####
.............##
..............#
...................
...................
...................
...................
...........@.......
...<........o......
.......รท..........#
.......<.....o...##
...................
........######.##..
......... .. ..
......... .#.
.....###..


You could see 2 orc priests.

Vanquished Creatures
  A worker ant (D:2)
  A gnoll (D:1)
  4 adders (D:2)
  A worm (D:2)
  A leopard gecko (D:1)
  An orc (D:3)
  A ball python (D:2)
  A giant cockroach (D:2)
  4 goblins
  6 hobgoblins
  2 jackals (D:2)
  5 bats
  8 kobolds
  3 rats
39 creatures vanquished.

Notes
Turn   | Place    | Note
-------+----------+-------------------------------------------
     0 | D:1      | Monsterracer the Tengu Air Elementalist began the quest for the Orb.
     0 | D:1      | Reached XP level 1. HP: 10/10 MP: 4/4
   272 | D:1      | Reached XP level 2. HP: 13/15 MP: 0/6
   326 | D:1      | Learned a level 2 spell: Swiftness
   956 | D:2      | Reached XP level 3. HP: 19/19 MP: 0/7
  1030 | D:2      | Upgraded the game from 0.20-b1 to 0.21-a0-1-gaf3b9a5
  1034 | D:2      | Learned a level 3 spell: Static Discharge
  1333 | D:2      | Gained mutation: You possess an exceptional clarity of mind. [potion of mutation]
  1333 | D:2      | Gained mutation: You have a pair of small antennae on your head. [potion of mutation]
  1723 | D:2      | Reached skill level 5 in Air Magic
  1723 | D:2      | Reached XP level 4. HP: 24/24 MP: 2/8
  2345 | D:3      | Killed from afar by an orc priest

Vault maps used:
D:1:      minmay_arrival_floating_metal

Skill      XL: |  1  2  3 |
---------------+----------+-----
Conjurations   | 2 3 |  3.7
Air Magic      | 5 |  5.4
Dodging        | |  2.1
Stealth        | |  2.0
Spellcasting   | |  2.7

Action                   |  1- 3 |  4- 6 || total
-------------------------+-------+-------++-------
Melee: Unarmed           |     1 |       ||     1
       Peck              |     1 |       ||     1
 Cast: Shock             |    67 |    30 ||    97
       Static Discharge  |       |     2 ||     2
       Swiftness         |       |     1 ||     1
  Use: Potion            |     5 |     2 ||     7
  Eat: Chunk             |     3 |     3 ||     6
Armor: Robe              |     5 |     2 ||     7
Dodge: Dodged            |    10 |    13 ||    23
